← All builds
Pond / Armada / Economy first / OBSERVED BUILD

Standard pond

Standard Pond play: fast Bot Lab and early boosting into Advanced Metal Extractor, sending Tick/Pawn/Blitz to front while tidal-boosting allies throughout.

#eco #team support · 448 distinct matches · 96 players · 59% of Armada Pond games · team won 50% of 510 · Recently observed

HOW TO PLAY IT

Key timing: Bot Lab by 5:42

  1. Open tidal, then wind to start boosting front's economy.
  2. Take mex and keep boosting wind or tidal depending on front's needs.
  3. Get a Bot Lab up, start sending Tick and Pawn to front.
  4. Add Advanced Metal Extractor to scale up team's economy.
  5. Switch to tick spam if enemy reaches T2 front before you do.

Phase by phase

TYPICAL OF ITS 448 GAMES
  1. 1
  2. 2
PLAY THE OPENING

Follow the example game's first 6:00 step by step: what to build now, what comes next, and where it goes. At 1× it keeps pace with your own game.

  1. 1

    Up to the Bot Lab

    Economy
    • Metal Extractor4Mex
    • Wind Turbine10Wind
    • Tidal Generator8Tidalfor allies
    • Tidal Generator1Tidal
    • Energy Storage1Energy storage
    Order
    1. Bot LabBot Lab after 4 mex, 10 wind, 1 energy storagedone ~5:40, middle half 3:31–7:01

    Some games also: converter (44%)

    By 5:10 in all: 4 mex · 10 wind · 1 tidal · 1 energy storage

    The example game in this phase · 14 steps
    1. Tidal ×8for Suicide front
    2. Tidal
    3. Mex ×3
    4. SentrySentry
    5. Mex
    6. Wind ×3
    7. Energy storage ×2for Suicide front
    8. Energy storage
    9. Wind ×2
    10. Converter
    11. Wind
    12. Converter
    13. Wind ×4
    14. Bot LabBot Labdone 6:20 · typical 5:40
  2. 2

    Bot Lab to 10:00

    Economy
    • Wind Turbine16Wind
    Builders
    • Construction Turret1 Con turret
    • Construction Bot2 Con bot

    Some games also: tick (49%) · Lazarus (48%) · converter (43%)

    By 10:00 in all: 4 mex · 31 wind · 1 tidal · 4 converter · 1 energy storage · 2 con turret

    The example game in this phase · 91 steps
    1. TickTick
    2. LazarusLazarus ×3
    3. TickTick ×4
    4. Construction BotCon bot ×3
    5. TickTick ×22
    6. Wind
    7. TickTick ×6
    8. Wind
    9. TickTick
    10. Advanced Metal ExtractorT2 mexdone 10:17 · typical 9:56
    11. TickTick ×4
    12. Wind
    13. LazarusLazarus ×2
    14. Con turret
    15. Wind
    16. LazarusLazarus
    17. TickTick ×2
    18. Wind
    19. AnemoneAnemone
    20. Advanced Metal ExtractorT2 mex
    21. TickTick
    22. Con turret
    23. Wind
    24. AnemoneAnemone
    25. Con turret ×3
    26. TickTick
    27. Advanced Metal ExtractorT2 mex
    28. TickTick ×2
    29. Wind
    30. NettleNettle
    31. Con turret
    32. TickTick
    33. Wind
    34. NettleNettle
    35. Wind
    36. TickTick
    37. Wind
    38. TickTick ×2
    39. Wind
    40. TickTick
    41. Converter ×2
    42. Con turret
    43. TickTick
    44. Wind ×3
    45. TickTick
    46. NettleNettle
    47. Wind
    48. NettleNettle
    49. Wind ×2
    50. Construction BotCon bot
    51. Wind ×3
    52. NettleNettle
    53. Wind
    54. NettleNettle
    55. Converter
    56. NettleNettle
    57. Advanced Metal ExtractorT2 mex
    58. Wind ×3
    59. Construction BotCon bot
    60. Wind ×2
    61. Converter
    62. Wind ×3
    63. Converter
    64. Wind ×3
    65. Construction BotCon bot
    66. Wind ×2
    67. NettleNettle
    68. Wind
    69. NettleNettle
    70. Wind ×3
    71. CrossbowCrossbow
    72. Wind ×6
    73. CrossbowCrossbow
    74. Wind
    75. CrossbowCrossbow
    76. Wind ×2
    77. CrossbowCrossbow
    78. Converter
    79. Wind ×4
    80. CrossbowCrossbow
    81. Wind ×3
    82. Converter
    83. Wind
    84. Fusion ReactorFusionnot finished by 15:00
    85. Wind
    86. CrossbowCrossbow
    87. Wind ×6
    88. CrossbowCrossbow
    89. SentrySentry
    90. Wind
    91. Converter ×3

Counts are medians over the build's games: half of them build more, half fewer. The example game is Godmother13's (38 OS, 22/09/2026); pick another.

Team trades

IN AT LEAST 30% OF ITS GAMES

You hand over

  • Tidal Generator8 Tidal to Suicide front or Frontfirst at 0:10 · in 90% of games

You get

  • Hercules1 Light transport from Air or Techfirst at 4:26 · in 31% of games
  • Hephaestus1 Heavy transport from Air or Techfirst at 4:41 · in 38% of games
  • Fatboy1 Fatboy from Techfirst at 4:59 · in 40% of games
  • Sharpshooter2 Sniper bot from Techfirst at 5:15 · in 42% of games
  • Advanced Construction Bot1 T2 con bot from Techfirst at 8:17 · in 92% of games

How it plays out

Typical game of this build, running totals by minute

Metal produced

010k20k
0:005:0010:0015:00

metal

Enemy metal destroyed

02k4k6k
0:005:0010:0015:00

metal

Own metal lost

02k4k
0:005:0010:0015:00

metal

510 games.

Show as table
ByMetal produced: This buildEnemy metal destroyed: This buildOwn metal lost: This build
1:0011500
2:0027300
3:0081700
4:00151000
5:00223100
6:00298500
7:0038414800
8:0047421276148
9:0056932025379
10:0068722865720
11:00833433171188
12:001029036841616
13:001259342621966
14:001491447802454
15:001745653243030
WHAT THE NUMBERS SAY

This is the role's standard support job, winning slightly under half its games while contributing modest kills for modest losses.

  • + Keeps own losses fairly low relative to kills (2827 destroyed vs 756 lost by 10:00).
  • + Reaches T2 constructor reliably (89% of games) by 8:10.
  • − Metal production trails other roles at 6855 by 10:00.
  • − No kills registered by 5:00, slow to impact the fight.
THE EXAMPLE YOU ARE READING

Godmother13

37.6 OS · 22/09/2026

Open source match ↗

4 received units · includes a constructor
267 metal received · 26020 energy received

Allied construction assistance is unknown. Timings are observations, not a promise of solo reproducibility.

Typical milestones

Bot Lab5:40Middle 50%: 3:31–7:01 · n=459
Advanced Metal Extractor9:56Middle 50%: 9:01–10:38 · n=460

Played most by

Viltrum41games of this buildTeaner35games of this buildUsurpeR24games of this buildzeus_on_god24games of this buildRogShotz20games of this build